 Dungeon Crawl Stone Soup version 0.28-a0-1518-gbe868bca14 (webtiles) character file.

Game seed: 6904890991134526418

1 melkoren the Poker (level 1, 0/16 HPs)
             Began as a Merfolk Gladiator on Jan 16, 2022.
             Slain by a gnoll (2 damage)
             ... on level 1 of the Dungeon.
             The game lasted 00:00:39 (47 turns).

melkoren the Poker (Merfolk Gladiator)                Turns: 47, Time: 00:00:40

Health: 0/16       AC:  4    Str: 14    XL:     1   Next: 20%
Magic:  1/1        EV: 13    Int:  7    God:
Gold:   0          SH:  0    Dex: 15    Spells: 0/0 levels left

rFire   . . .      SeeInvis .   a - +0 trident
rCold   . . .      Faith    .   (no shield)
rNeg    . . .      Spirit   .   b - +0 leather armour
rPois   .          Reflect  .   c - +0 helmet
rElec   .          Harm     .   (no cloak)
rCorr   .          Rampage  .   (no gloves)
Will    .....                   (no boots)
Stlth   +.........              (no amulet)
HPRegen 0.05/turn               (no ring)
MPRegen 0.07/turn               (no ring)

@: no status effects
A: (nimble swimmer 2), mertail
a: no special abilities


You were on level 1 of the Dungeon.
You visited 1 branch of the dungeon, and saw 1 of its levels.


Innate Abilities, Weirdness & Mutations

((You are very nimble when in or above water. (Stealth+, EV+, Speed+++)))
Your lower body shifts to a powerful aquatic tail in water.


   Skills:
 + Level 2.2 Fighting
 + Level 4.4 Polearms
 + Level 2.0 Throwing
 + Level 4.0 Dodging


You couldn't memorise any spells.
You didn't know any spells.
Your spell library was empty.

Inventory:

Hand Weapons
 a - a +0 trident (weapon)
Missiles
 d - 3 throwing nets (quivered) {=f!f}
Armour
 b - a +0 leather armour (worn)
 c - a +0 helmet (worn)

Dungeon Overview and Level Annotations

Branches:
Dungeon (1/15)

Altars:

.## ..# .#..## . ...
.# ..# #####.# †.#
##########.....##.#
#6#N#h#B##...###@##
##########.......g#
........'.....$###S#
##########........g..
#p#K#d#(#......#####..
#########......# .Pw.
#........ ..≈
##..##.### ≈. #.......


You could see a gnoll, a dart slug, a goblin and a ball python.


Message History

🤖 Initializing magus.rc ...
Options error: Bad monster_list_colour key: strict_neutral (~/.crawlrc:5438) ✅ Successfully initialized magus.rc [v1.11.3] Welcome, melkoren the Merfolk Gladiator.
The heart of this dungeon contains the awesome artefact, the Orb of Zot.
Press ? for a list of commands and other information.
Found a staircase leading out of the dungeon.
You open the door.
There is an open door here.
The spriggan shouts!
The troll shouts!
The minotaur bellows!
The dwarf shouts!
The elf shouts!
The ogre shouts!
The demigod shouts!
The octopode shouts!
You see here a +0 helmet.
The tengu shouts!
The vine stalker shouts!
The merfolk shouts!
The human shouts!
The demonspawn shouts!
The naga shouts!
The draconian roars!
You open the door.
The formicid shouts!
There is an open door here.
A bat comes into view.
A bat is nearby!
A bat is nearby!
A gnoll and a bat come into view.
The gnoll shouts!
You hear an angry hiss.
The bat closely misses you.
You reach to attack!
You hit the bat. The bat hits you but does no damage.
A ball python comes into view.
You reach to attack!
You closely miss the bat. The bat closely misses you.
The bat barely misses you. The bat closely misses you.
You puncture the bat!
You kill the bat!
The bat hits you but does no damage. x2
A goblin comes into view. It is wielding a +0 club.
The bat hits you but does no damage.
You miss the bat. The bat hits you. 😕 HP[-1]
You take 1 damage, and now have 15/16 hp.
You reach to attack!
You hit the bat.
You kill the bat!
A dart slug comes into view.
You reach to attack!
You hit the gnoll but do no damage. You closely miss the gnoll.
The gnoll hits you with a +0 whip. 😕 HP[-1]
You take 1 damage, and now have 14/16 hp.
You barely miss the gnoll. The gnoll hits you with a +0 whip!
Ouch! That really hurt!
* * * LOW HITPOINT WARNING * * *
😨 HP[-8]
You take 8 damage, and now have 6/16 hp.
MASSIVE DAMAGE!! (PAUSE)
You are too injured to fight recklessly!
You are too injured to fight recklessly!
Unknown command.
You are too injured to fight recklessly!
Unknown command.
You barely miss the gnoll. The gnoll hits you with a +0 whip.
* * * LOW HITPOINT WARNING * * *
😱 HP[-4]
You take 4 damage, and now have 2/16 hp.
MASSIVE DAMAGE!! (PAUSE)
You barely miss the gnoll. The gnoll hits you with a +0 whip.
You die...

Action                   || total
-------------------------++-------
Melee: Trident           ||    10
Armor: Leather armour    ||     4
Dodge: Dodged            ||     4

Levels and vault maps discovered:
D:1:      kb_arrival_jail, layout_loops_ring, serial_bayou_pond_b

Notes
Turn   | Place    | Note
-------+----------+-------------------------------------------
     0 | D:1      | melkoren the Merfolk Gladiator began the quest for the Orb.
     0 | D:1      | Reached XP level 1. HP: 16/16 MP: 1/1
     0 | D:1      | magus.rc [v1.11.3]
     2 | D:1      | Noticed a spriggan
     2 | D:1      | Noticed a ghoul
     4 | D:1      | Noticed a troll
     6 | D:1      | Noticed a gargoyle
     8 | D:1      | Noticed a minotaur
    10 | D:1      | Noticed a dwarf
    12 | D:1      | Noticed an ogre
    12 | D:1      | Noticed an elf
    14 | D:1      | Noticed a demigod
    14 | D:1      | Noticed an octopode
    16 | D:1      | Noticed a tengu
    16 | D:1      | Noticed a vine stalker
    18 | D:1      | Noticed a merfolk
    18 | D:1      | Noticed a vampire
    20 | D:1      | Noticed a demonspawn
    20 | D:1      | Noticed a human
    22 | D:1      | Noticed a naga
    24 | D:1      | Noticed a felid
    24 | D:1      | Noticed a draconian
    26 | D:1      | Noticed a formicid
    46 | D:1      | HP: 2/16 [gnoll (4)]
    47 | D:1      | Slain by a gnoll

Vanquished Creatures
  2 bats (D:1)
2 creatures vanquished.

Table legend:
 A = Non-vault XP
 B = Vault XP
 C = Vault XP percentage of total XP
 D = Non-vault monster count
 E = Vault monster count
 F = Vault count percentage of total count
                 A         B        C        D         E       F
            +---------+---------+-------+---------+---------+-------
      Total |       1 |       1 |  50.0 |       1 |       1 |  50.0
            +---------+---------+-------+---------+---------+-------
        D:1 |       1 |       1 |  50.0 |       1 |       1 |  50.0
            +---------+---------+-------+---------+---------+-------

Illustrated notes

Table legend:
 A = Kills in this place as a percentage of kills in entire the game.
 B = Kills by you in this place as a percentage of kills by you in the entire game.
 C = Kills by friends in this place as a percentage of kills by friends in the entire game.
 D = Other kills in this place as a percentage of other kills in the entire game.
 E = Experience gained in this place as a percentage of experience gained in the entire game.
 F = Experience gained in this place divided by the number of levels of this place that you have seen.
                   A       B       C       D       E      F
               +-------+-------+-------+-------+-------+----------------------
         Total | 100.0 | 100.0 |   N/A |   N/A | 100.0 |   2.0
       Dungeon | 100.0 | 100.0 |   N/A |   N/A | 100.0 |   2.0
               +-------+-------+-------+-------+-------+----------------------

Table legend: (Time is in decaauts)
 A = Elapsed time spent in this place.
 B = Non-inter-level travel time spent in this place.
 C = Inter-level travel time spent in this place.
 D = Time resting spent in this place.
 E = Time spent auto-exploring this place.
 F = Levels seen in this place.
 G = Mean time per level.
                   A        B        C        D        E       F      G
               +--------+--------+--------+--------+--------+-----+--------+
         Total |     47 |     47 |      0 |      0 |     34 |   1 |   47.0 |
       Dungeon |     47 |     47 |      0 |      0 |     34 |   1 |   47.0 |
               +--------+--------+--------+--------+--------+-----+--------+

Top non-repeatable levels by time:
     D:1: 47 daAuts
